 Dungeon Crawl Stone Soup version 0.29-a0-914-g906f1d757c (webtiles) character file.

Game seed: 3028837564008054254

8124 Malachi the Transmogrifier (level 11, -5/81 HPs)
             Began as a Naga Ice Elementalist on July 25, 2022.
             Was a Believer of Kikubaaqudgha.
             Slain by Snorg (9 damage)
             ... on level 10 of the Dungeon on July 26, 2022.
             The game lasted 00:21:20 (11265 turns).

Malachi the Transmogrifier (Naga Ice Elementalist) Turns: 11265, Time: 00:21:20

Health: -5/81      AC: 20    Str: 10    XL:     11   Next: 26%
Magic:  12/32      EV: 10    Int: 26    God:    Kikubaaqudgha [**....]
Gold:   666        SH:  0    Dex: 18    Spells: 14/26 levels left

rFire   + . .      SeeInvis +   D - +8 trident "Iwnakaol" {protect, Dex+6}
rCold   . . .      Faith    .   (no shield)
rNeg    . . .      Spirit   .   H - +2 robe {rF+}
rPois   +          Reflect  .   d - +1 helmet
rElec   .          Harm     .   l - +0 cloak
rCorr   .          Rampage  .   F - +1 pair of gloves
Will    +....                   (no barding)
Stlth   ++........              t - amulet of regeneration
HPRegen 1.03/turn               c - +6 ring of intelligence
MPRegen 0.23/turn               q - ring of magical power

@: ice-armoured, freezing walls, slightly contaminated, very slow
A: AC +3, large, see invisible, deformed body, poison resistance, slowness 2,
spit poison 1, naga tail 1
a: Spit Poison, Renounce Religion, Unearth Wretches


You were on level 10 of the Dungeon.
You worshipped Kikubaaqudgha.
Kikubaaqudgha was pleased with you.
You visited 2 branches of the dungeon, and saw 11 of its levels.

You collected 809 gold pieces.
You spent 143 gold pieces at shops.

Inventory:

Hand Weapons
 D - the +8 trident "Iwnakaol" (weapon) {protect, Dex+6}
   (You took it off a kobold brigand on level 8 of the Dungeon)

   It grants its wielder temporary protection when it strikes (+7 to AC).
   Dex:       It affects your dexterity (+6).
Missiles
 g - 20 poisoned darts
 y - a throwing net
 E - 2 curare-tipped darts
Armour
 d - a +1 helmet (worn)
 l - a +0 cloak (worn)
 F - a +1 pair of gloves (worn)
 H - a +2 robe of fire resistance (worn)
 I - +0 acid dragon scales
Jewellery
 c - a +6 ring of intelligence (left hand)
 e - a ring of fire
 o - a ring of positive energy
 q - a ring of magical power (right hand)
 t - an amulet of regeneration (around neck)
Wands
 m - a wand of polymorph (7)
 u - a wand of digging (1)
 C - a wand of flame (20)
Scrolls
 a - a scroll of amnesia
 i - 2 scrolls of immolation
 n - 2 scrolls of poison
 p - 8 scrolls of teleportation
 r - 2 scrolls of summoning
 s - a scroll of identify
 w - a scroll of fear
 z - 2 scrolls of magic mapping
 G - a scroll of blinking
Potions
 b - 5 potions of magic
 f - 9 potions of curing
 h - 5 potions of attraction
 j - 2 potions of invisibility
 k - 3 potions of brilliance
 v - 3 potions of flight
 x - a potion of heal wounds
 B - a potion of might


   Skills:
 - Level 1.5 Dodging
 - Level 3.0 Stealth
 + Level 8.4 Spellcasting
 + Level 8.4 Conjurations
 - Level 10.0 Transmutations
 - Level 8.0 Ice Magic


You had 14 spell levels left.
You knew the following spells:

 Your Spells              Type           Power      Damage    Failure   Level
a - Freeze                Ice            100%       1d11      1%          1
b - Frozen Ramparts       Ice            100%       1d12      1%          3
c - Ozocubu's Armour      Ice            51%        N/A       1%          3
d - Irradiate             Conj/Tmut      28%        3d21      3%          5

Your spell library contained the following spells:

 Spells                   Type           Power      Damage    Failure   Level
 Beastly Appendage        Tmut           100%       N/A       1%          1
 Magic Dart               Conj           100%       1d8       1%          1
 Searing Ray              Conj           100%       2d8       1%          2
 Wereblood                Tmut           58%        N/A       1%          2
 Spider Form              Tmut/Pois      36%        N/A       1%          3
 Hailstorm                Conj/Ice       52%        3d12      1%          4
 Ice Form                 Ice/Tmut       55%        N/A       1%          4
 Blade Hands              Tmut           29%        N/A       2%          5
 Necrotise                Necr           40%        1d6       5%          1
 Summon Small Mammal      Summ           40%        N/A       5%          1
 Sublimation of Blood     Necr           10%        N/A       9%          2
 Fulminant Prism          Conj/Hex       16%        3d11      10%         4
 Summon Ice Beast         Ice/Summ       31%        N/A       11%         4
 Call Canine Familiar     Summ           10%        N/A       16%         3
 Confusing Touch          Hex            10%        N/A       16%         3
 Summon Guardian Golem    Hex/Summ       10%        N/A       16%         3
 Vampiric Draining        Necr           10%        2d6       16%         3
 Yara's Violent Unravell  Hex/Tmut       18%        3d9       19%         5
 Anguish                  Hex/Necr       5%         N/A       47%         4
 Animate Dead             Necr           10%        N/A       47%         4
 Dragon Form              Tmut           29%        N/A       58%         7
 Ozocubu's Refrigeration  Ice            25%        4d10      86%         7
 Enfeeble                 Hex            5%         N/A       100%        7
 Summon Hydra             Summ           5%         N/A       100%        7


Dungeon Overview and Level Annotations

Branches:
Dungeon (10/15)            Temple (1/1) D:6
   Lair: D:8-11         Orc: D:9-12

Altars:
Ashenzari
Cheibriados
Dithmenos
Elyvilon
Fedhas
Gozag
Hepliaklqana
Kikubaaqudgha
Nemelex Xobeh
Okawaru
Qazlal
Ru
Sif Muna
Uskayaw
Vehumet
Wu Jian
Xom
Yredelemnul
The Shining One

Shops:
D:3 (

Annotations:
D:10 Snorg


Innate Abilities, Weirdness & Mutations

Your serpentine skin is tough. (AC +3)
You have supernaturally acute eyesight. (SInv)
Armour fits poorly on your strangely shaped body.
Your system is resistant to poisons. (rPois)
You cover ground very slowly.
You can spit poison.
You have a snake-like lower body.


Message History

Snorg is lightly wounded.
The wall freezes Snorg.
Snorg bites you! Snorg claws you but does no damage. x2
The wall freezes Snorg.
Snorg bites you! Snorg claws you! Snorg claws you but does no damage.
Casting: Ozocubu's Armour (safe; 1% risk of failure)
Confirm with . or Enter, or press ? or * to list all spells.
You erupt in a fountain of uncontrolled magic!
Snorg is blasted with magical radiation!!!
Snorg is heavily wounded.
Snorg twists and deforms.
You are very lightly contaminated with residual magic.
The wall freezes Snorg.
Snorg bites you but does no damage. Snorg claws you but does no damage. x2
Unknown command.
Casting: Irradiate (dangerous; 3% risk of failure)
Confirm with . or Enter, or press ? or * to list all spells.
You erupt in a fountain of uncontrolled magic!
Snorg is blasted with magical radiation!!!
Snorg is severely wounded.
Snorg twists and deforms.
The wall freezes Snorg!
Snorg bites you!
* * * LOW HITPOINT WARNING * * *
Snorg claws you but does no damage. Snorg claws you.
* * * LOW HITPOINT WARNING * * *
The wall freezes Snorg.
Snorg closely misses you. x2; Snorg misses you.
Unknown command.
Press: ? - help, v - describe, . - travel
Here: Snorg (almost dead, berserk, misshapen and mutated)
The floor.
Casting: Irradiate (dangerous; 3% risk of failure)
Confirm with . or Enter, or press ? or * to list all spells.
You erupt in a fountain of uncontrolled magic!
Snorg is blasted with magical radiation!!
Snorg is almost dead.
Snorg twists and deforms.
You are lightly contaminated with residual magic.
The wall freezes Snorg.
Snorg barely misses you. Snorg claws you.
* * * LOW HITPOINT WARNING * * *
Snorg claws you!
You die...
Kikubaaqudgha rasps: "You have failed me!
Welcome... death!"

...# ## ...##.
..... #.... #
#...# .. #...#
... #..T# ....
#..@##.....
##..?......#
##.........##
##..........#
##..........##
#...<.......#
#............#
#..............#
.................


You could see Snorg (berserk, misshapen).

Vanquished Creatures
  A boulder beetle (D:9)
  Erolcha (D:9)
  A two-headed ogre (D:9)
  Maggie (D:9)
  Psyche (D:9)
  3 wyverns (D:9)
  7 yaks (D:9)
  2 orc warriors (D:9)
  A sky beast (D:6)
  An ice beast (D:8)
  3 ogres
  4 centaurs
  A phantom (D:5)
  2 kobold brigands
  9 bullfrogs
  5 scorpions
  2 necrophages
  A gnoll sergeant (D:7)
  A wight (D:9)
  21 killer bees
  4 howler monkeys
  7 hounds
  2 jellies
  4 orc priests
  A gnoll bouda (D:9)
  Ijyb (D:5)
  Natasha (thrice) (D:2)
  2 iguanas
  6 orc wizards
  12 gnolls
  4 adders
  2 shadow imps
  2 white imps
  2 ufetubi (D:4)
  2 worms
  2 dart slugs
  27 orcs
  10 endoplasms
  4 giant cockroaches
  10 hobgoblins
  4 quokkas
  8 ball pythons
  A bat (D:1)
  6 frilled lizards
  6 goblins
  15 kobolds
  14 rats
229 creatures vanquished.

Notes
Turn   | Place    | Note
-------+----------+-------------------------------------------
     0 | D:1      | Malachi the Naga Ice Elementalist began the quest for the
                  | Orb.
     0 | D:1      | Reached XP level 1. HP: 15/15 MP: 3/3
   465 | D:1      | Reached XP level 2. HP: 13/22 MP: 0/5
   950 | D:1      | You fall into a shaft and drop 1 floor!
  1009 | D:2      | Found a faded altar of an unknown god.
  1100 | D:2      | Reached XP level 3. HP: 10/28 MP: 0/6
  1400 | D:2      | Learned a level 3 spell: Frozen Ramparts
  1404 | D:2      | Learned a level 3 spell: Ozocubu's Armour
  2711 | D:2      | Reached XP level 4. HP: 32/36 MP: 6/8
  2918 | D:2      | Noticed Natasha
  2925 | D:2      | Killed Natasha
  2926 | D:2      | Reached skill level 5 in Ice Magic
  3165 | D:2      | Noticed Natasha
  3202 | D:2      | Killed Natasha
  3203 | D:2      | Reached XP level 5. HP: 8/42 MP: 10/10
  3452 | D:2      | Noticed Natasha
  3460 | D:2      | Killed Natasha
  3828 | D:3      | Reached XP level 6. HP: 12/49 MP: 6/12
  4377 | D:3      | Found Jouwkoim's Antique Weapon Emporium.
  4932 | D:3      | Found a broken altar of Ashenzari.
  4955 | D:3      | Upgraded the game from 0.29-a0-909-g30c7767f5c to
                  | 0.29-a0-914-g906f1d757c
  5243 | D:4      | Reached XP level 7. HP: 55/55 MP: 9/13
  5964 | D:5      | Entered Level 5 of the Dungeon
  6018 | D:3      | Bought a runed long sword for 143 gold pieces
  6102 | D:5      | Reached skill level 1 in Conjurations
  6456 | D:5      | Reached XP level 8. HP: 49/62 MP: 14/14
  6552 | D:5      | Noticed Ijyb
  6558 | D:5      | Killed Ijyb
  6642 | D:5      | Reached skill level 5 in Conjurations
  7282 | D:6      | Found a sacrificial altar of Ru.
  7416 | D:6      | Found an iron altar of Okawaru.
  7477 | D:6      | Found a staircase to the Ecumenical Temple.
  7551 | D:6      | Reached XP level 9. HP: 68/68 MP: 15/15
  7587 | D:6      | Learned a level 5 spell: Irradiate
  7799 | D:6      | Reached skill level 1 in Transmutations
  7839 | D:6      | Found an ancient bone altar of Kikubaaqudgha.
  7953 | D:6      | Found a basalt altar of Yredelemnul.
  7953 | D:6      | Found a snail-covered altar of Cheibriados.
  8019 | D:6      | Found a shimmering altar of Xom.
  8020 | D:6      | Found a hazy altar of Hepliaklqana.
  8021 | D:6      | Noticed a spectral ugly thing
  8068 | Temple   | Entered the Ecumenical Temple
  8250 | D:6      | Became a worshipper of Kikubaaqudgha
  8265 | D:7      | Reached skill level 2 in Transmutations
  8336 | D:7      | Reached skill level 3 in Transmutations
  8400 | D:7      | Reached skill level 4 in Transmutations
  8426 | D:7      | Found a white marble altar of Elyvilon.
  8452 | D:7      | Found a glowing golden altar of the Shining One.
  8611 | D:7      | Found a radiant altar of Vehumet.
  8816 | D:7      | Reached skill level 5 in Transmutations
  9259 | D:8      | Found a blossoming altar of Fedhas.
  9313 | D:8      | Reached * piety under Kikubaaqudgha
  9313 | D:8      | Received a gift from Kikubaaqudgha
  9404 | D:8      | Identified the +8 trident "Iwnakaol" {protect, Dex+6}
  9511 | D:8      | Reached skill level 6 in Transmutations
  9569 | D:8      | Reached skill level 5 in Spellcasting
  9802 | D:9      | Noticed a two-headed ogre
  9807 | D:9      | Reached XP level 10. HP: 12/75 MP: 18/18
  9891 | D:9      | Killed a two-headed ogre
  9892 | D:9      | Reached skill level 7 in Transmutations
 10131 | D:9      | Reached ** piety under Kikubaaqudgha
 10139 | D:9      | Reached skill level 8 in Transmutations
 10180 | D:9      | Noticed a boulder beetle
 10190 | D:9      | Killed a boulder beetle
 10191 | D:9      | Reached skill level 9 in Transmutations
 10382 | D:9      | Reached XP level 11. HP: 78/81 MP: 23/23
 10505 | D:9      | Noticed Psyche
 10511 | D:9      | Killed Psyche
 10572 | D:9      | Found an ornate altar of the Wu Jian Council.
 10572 | D:9      | Noticed Erolcha
 10577 | D:9      | Killed Erolcha
 10578 | D:9      | Reached skill level 10 in Transmutations
 10621 | D:9      | Noticed Maggie
 10630 | D:9      | Killed Maggie
 11254 | D:10     | Entered Level 10 of the Dungeon
 11257 | D:10     | Noticed Snorg
 11265 | D:10     | HP: 4/81 [Snorg (3)]
 11265 | D:10     | Slain by Snorg

Illustrated notes

Levels and vault maps discovered:
D:1:      erik_arrival_cave_to_civilisation [erik_arrival_cave_to_hall],
          layout_basic, minmay_tetromino_o4
D:2:      minmay_skewed_foursquare, layout_loops_ring,
          chequers_ecumenical_altar_simple_redux, minmay_misc_feat_hallway,
          minmay_misc_feat_cross, hangedman_abyss_or_decor_lesser_grid,
          uniq_natasha
D:3:      layout_basic, ashenzari_altar_1, serial_shops, nicolae_shop_trees
D:4:      nicolae_cairo_tiling_large_dashed, layout_loops_ring
D:5:      layout_basic, uniq_ijyb
D:6:      layout_loops_ring, regret_index_temple_of_mockery,
          hangedman_ru_absence, kennysheep_mini_moat, okawaru_trees_2,
          gammafunk_temple_overflow_elements, minmay_temple_entry_tees
D:7:      layout_loops_ring, nicolae_vehumet_radiance, jmf_multi_god_temple,
          dk_noncrumbling_2
D:8:      layout_cave_pools, fedhas_altar_2, amcnicky_mini_pool_small
D:9:      minmay_the_grid_square_5x5_3x3 [minmay_the_grid_square_5x5_meh,
          minmay_the_grid_square_5x5_misaligned,
          minmay_the_grid_square_5x5_broken_cross,
          minmay_the_grid_square_5x5_minivault,
          minmay_the_grid_square_5x5_megaprize_hollow,
          minmay_the_grid_square_5x5_plus, minmay_the_grid_square_5x5_trominoes,
          minmay_the_grid_square_5x5_minimal, minmay_the_grid_square_5x5_fat_x],
          layout_cave_pods, mainiacjoe_overflow_paths, serial_glass,
          glass_columns_a, glass_columns_a, uniq_maggie, uniq_psyche,
          uniq_erolcha
D:10:     layout_layer_cave, mainiacjoe_overflow_small_starburst,
          mainiacjoe_overflow_tiny_flanked, makhleb_altar_promises_db,
          orc_david_3, nicolae_trove_entry_free_sample, uniq_harold, uniq_snorg
Temple:   hellmonk_temple_flake

Skill      XL: |  1  2  3  4  5  6  7  8  9 10 11 |
---------------+----------------------------------+-----
Spellcasting   | 3 4 5 8 |  8.4
Ice Magic      | 5 7 8 |  8.0
Conjurations   | 3 7 8 |  8.4
Transmutations | 6 9 10 | 10.0
Dodging        | |  1.5
Stealth        | |  3.0

Action                   |  1- 3 |  4- 6 |  7- 9 | 10-12 || total
-------------------------+-------+-------+-------+-------++-------
Melee: Unarmed           |    56 |    26 |     1 |       ||    83
       Punch             |     2 |     1 |     1 |     1 ||     5
       Long sword        |       |       |    64 |       ||    64
       Trident           |       |       |    15 |    44 ||    59
 Cast: Freeze            |    47 |    20 |    13 |     1 ||    81
       Frozen Ramparts   |     2 |    13 |    41 |    14 ||    70
       Ozocubu's Armour  |       |       |     7 |     9 ||    16
       Irradiate         |       |       |       |    11 ||    11
 Abil: Spit Poison       |    12 |     8 |     3 |     1 ||    24
  Use: Scroll            |       |     7 |     5 |     1 ||    13
       Potion            |       |     3 |       |     1 ||     4
 Stab: Sleeping          |     2 |     1 |       |     1 ||     4
Armor: Robe              |    21 |    34 |   119 |    40 ||   214
Dodge: Dodged            |    49 |    53 |   126 |    79 ||   307

Table legend: (Time is in decaauts)
 A = Elapsed time spent in this place.
 B = Non-inter-level travel time spent in this place.
 C = Inter-level travel time spent in this place.
 D = Time resting spent in this place.
 E = Time spent auto-exploring this place.
 F = Levels seen in this place.
 G = Mean time per level.
                   A        B        C        D        E       F      G
               +--------+--------+--------+--------+--------+-----+--------+
         Total |  13518 |  12945 |    573 |   1635 |   9471 |  11 | 1228.9 |
       Dungeon |  13309 |  12751 |    558 |   1635 |   9285 |  10 | 1330.9 |
        Temple |    208 |    194 |     14 |      0 |    186 |   1 |  208.0 |
               +--------+--------+--------+--------+--------+-----+--------+

Top non-repeatable levels by time:
     D:2: 2566 daAuts
     D:1: 1755 daAuts
     D:9: 1741 daAuts
     D:5: 1426 daAuts
     D:3: 1417 daAuts
     D:4: 1285 daAuts
     D:7: 1142 daAuts
     D:6: 1126 daAuts
     D:8: 833 daAuts
  Temple: 208 daAuts
    D:10: 13 daAuts
